 Dungeon Crawl Stone Soup version 0.31-a0-232-gb1c03b2570 (webtiles) character file.

Game seed: 14077113827658741416

220 qw the Shooter (level 5, 0/45 HPs)
             Began as a Minotaur Hexslinger on July 6, 2023.
             Slain by a phantom (6 damage)
             ... on level 4 of the Dungeon.
             The game lasted 00:01:06 (2273 turns).

qw the Shooter (Minotaur Hexslinger)                Turns: 2273, Time: 00:01:06

Health: 0/45       AC:  6    Str: 12    XL:     5   Next: 64%
Magic:  5/5        EV: 11    Int: 10    God:
Gold:   97         SH:  0    Dex: 15    Spells: 5/6 levels left

rFire   + . .        Y - +1 sling (drain)
rCold   + . .        (no shield)
rNeg    . . .        b - +0 ring mail
rPois   +            (helmet restricted)
rElec   +            (no cloak)
rCorr   +            k - +0 pair of gloves
SInv    .            (no boots)
Will    .....        (no amulet)
Stlth   +            (no ring)
HPRegen 0.27/turn    (no ring)
MPRegen 0.09/turn

%: no passive effects
@: about to teleport, resistant
A: horns 2, retaliatory headbutt
a: no special abilities


You were on level 4 of the Dungeon.
You visited 1 branch of the dungeon, and saw 4 of its levels.

You collected 178 gold pieces.
You spent 81 gold pieces at shops.


Innate Abilities, Weirdness & Mutations

You have a pair of horns on your head.
You reflexively headbutt those who attack you in melee.


   Skills:
 - Level 3.1 Fighting
 + Level 5.8 Ranged Weapons
 - Level 1.0 Armour
 - Level 2.1 Dodging
 - Level 1.0 Spellcasting
 - Level 2.0 Hexes


You had 5 spell levels left.
You knew the following spells:

 Your Spells              Type           Power      Damage    Failure   Level
a - Slow                  Hex            16%        N/A       34%         1

Your spell library contained the following spells:

 Spells                   Type           Power      Damage    Failure   Level
 Inner Flame              Hex/Fire       2%         N/A       83%         3
 Portal Projectile        Hex/Tloc       4%         N/A       83%         3
 Cause Fear               Hex            2%         N/A       98%         4

Inventory:

Hand Weapons
 Y - a +1 sling of draining (weapon)
Armour
 b - a +0 ring mail (worn)
 k - a +0 pair of gloves (worn)
Scrolls
 e - 2 scrolls of teleportation
 f - a scroll of identify
Potions
 a - a potion of mutation
 c - a potion of might {unknown}
 d - a potion of ambrosia {unknown}
 g - a potion of resistance
 h - a potion of heal wounds {unknown}
 j - a potion of attraction {unknown}
 l - a potion of enlightenment {unknown}
 n - a potion of brilliance {unknown}

Dungeon Overview and Level Annotations

Branches:
Dungeon (4/15)
 Temple: D:4-7

Altars:
Elyvilon
Wu Jian

Shops:
D:2 (:=[[


Message History

The quokka closely misses you. You furiously retaliate!
You headbutt the quokka, but do no damage.
The goblin hits you but does no damage. The phantom barely misses you.
You shoot a sling bullet.
The sling bullet hits the phantom but does no damage.
The phantom is moderately damaged.
The quokka bites you but does no damage.
The goblin closely misses you. The phantom hits you.
The quokka barely misses you. The goblin hits you with a +0 club.
The phantom hits you but does no damage.
You shoot a sling bullet.
The sling bullet closely misses the phantom.
The quokka closely misses you. You furiously retaliate!
You headbutt the quokka. The goblin hits you but does no damage.
The phantom barely misses you.
You shoot a sling bullet. The sling bullet misses the quokka.
The quokka closely misses you. The goblin misses you.
The phantom hits you but does no damage.
The quokka barely misses you.
You shoot a sling bullet. The sling bullet hits the quokka.
You kill the quokka!
The goblin hits you with a +0 club. The phantom hits you.
The phantom blinks!
You blink.
2270 ||| READING 3 scrolls of teleportation.
As you read the scroll of teleportation, it crumbles to dust.
You feel strangely unstable. The goblin hits you with a +0 club.
The phantom hits you.
You shoot a sling bullet. The sling bullet hits the phantom.
The phantom is moderately damaged.
The goblin closely misses you. You furiously retaliate!
You headbutt the goblin!
You kill the goblin!
The phantom barely misses you.
You shoot a sling bullet.
The sling bullet hits the phantom but does no damage.
The phantom is moderately damaged.
The phantom hits you but does no damage.
The phantom closely misses you.
You shoot a sling bullet.
The sling bullet barely misses the phantom.
The phantom hits you.
You die...

######
..$[.###+##
#......)?#
+<....@%.#
#.)....W.#
#........#
..........#
########+##


You could see a phantom.

Vanquished Creatures
  An orc priest (D:3)
  Terence (D:3)
  An iguana (D:3)
  3 adders
  A gnoll (D:1)
  2 worms
  2 dart slugs
  10 orcs (D:3)
  11 bats
  2 endoplasms
  3 giant cockroaches
  8 goblins
  6 hobgoblins
  9 jackals
  4 kobolds
  6 quokkas
  4 ball pythons
  4 frilled lizards
  A rat (D:2)
79 creatures vanquished.

Notes
Turn   | Place    | Note
-------+----------+-------------------------------------------
     0 | D:1      | qw the Minotaur Hexslinger began the quest for the Orb.
     0 | D:1      | Reached XP level 1. HP: 16/16 MP: 1/1
     0 | D:1      | 0 ||| qw: Version: 0.3-a-46-gb1f654a
     0 | D:1      | 0 ||| qw: Game counter: 2017
     0 | D:1      | 0 ||| qw: Melee chars always use a shield: true
     0 | D:1      | 0 ||| qw: God list: Okawaru
     0 | D:1      | 0 ||| qw: Allow faded altars: false
     0 | D:1      | 0 ||| qw: Do Orc after clearing Dungeon:15 true
     0 | D:1      | 0 ||| qw: Do second Lair branch before Depths: true
     0 | D:1      | 0 ||| qw: Lair rune preference: random
     0 | D:1      | 0 ||| qw: Goals: Normal
     0 | D:1      | 0 ||| PLANNING D:1-11
     8 | D:1      | 8 ||| Stepping ~*~*~tactically~*~*~ (outnumbered).
    10 | D:1      | 10 ||| Stepping ~*~*~tactically~*~*~ (outnumbered).
    31 | D:1      | HP: 4/16 [gnoll/+0 spear (2)]
    33 | D:1      | Reached skill level 3 in Ranged Weapons
    33 | D:1      | Reached XP level 2. HP: 7/23 MP: 2/2
   424 | D:1      | Reached XP level 3. HP: 15/29 MP: 3/3
   689 | D:1      | 689 ||| UPGRADING to +0 leather armour.
   699 | D:1      | 699 ||| DROPPING +0 robe.
   700 | D:1      | 700 ||| READING scroll labelled RUFFAMN OSME.
   701 | D:1      | 701 ||| READING 3 scrolls labelled ICOKUH TUKH.
   702 | D:1      | 702 ||| READING scroll labelled TEUTEA SAGHECK.
   703 | D:1      | 703 ||| READING 2 scrolls of identify.
   703 | D:1      | 703 ||| IDENTIFYING fizzy amethyst potion
   704 | D:1      | 704 ||| DROPPING scroll of poison.
   705 | D:1      | 705 ||| DROPPING potion of invisibility.
   811 | D:2      | Found Zabuby's Book Boutique.
   815 | D:2      | Found Dumeax's Jewellery Shop.
   822 | D:2      | 822 ||| SHOPLISTING +6 ring of strength (432 gold, have
                  | 90).
   822 | D:2      | 822 ||| SHOPLISTING amulet of reflection (360 gold, have
                  | 90).
   822 | D:2      | 822 ||| SHOPLISTING amulet of regeneration (360 gold, have
                  | 90).
   822 | D:2      | 822 ||| SHOPLISTING ring of poison resistance (240 gold,
                  | have 90).
   822 | D:2      | 822 ||| SHOPLISTING ring of protection from cold (300 gold,
                  | have 90).
   822 | D:2      | 822 ||| SHOPLISTING ring of resist corrosion (240 gold,
                  | have 90).
   918 | D:2      | Found a white marble altar of Elyvilon.
  1013 | D:2      | Reached skill level 4 in Ranged Weapons
  1119 | D:2      | Reached XP level 4. HP: 36/36 MP: 4/4
  1189 | D:2      | Found Opsuilu's Weapon Boutique.
  1226 | D:2      | Found Tyfiufu's Antique Armour Shop.
  1286 | D:2      | 1286 ||| SHOPLISTING pair of embroidered gloves (135 gold,
                  | have 117).
  1286 | D:2      | 1286 ||| BUYING pair of gloves (81 gold).
  1286 | D:2      | Bought a pair of gloves for 81 gold pieces
  1341 | D:2      | Found Luorr's Antique Armour Shop.
  1366 | D:2      | 1366 ||| SHOPLISTING cloak (90 gold, have 43).
  1366 | D:2      | 1366 ||| SHOPLISTING pair of boots (90 gold, have 43).
  1535 | D:2      | 1535 ||| UPGRADING to +0 ring mail.
  1545 | D:2      | 1545 ||| DROPPING +0 leather armour.
  1546 | D:2      | 1546 ||| UPGRADING to +0 pair of gloves.
  1551 | D:2      | 1551 ||| READING 2 scrolls labelled XIYMPY PUNTO.
  1552 | D:2      | 1552 ||| READING 2 scrolls labelled HOR PYWOP KALI.
  1556 | D:2      | 1556 ||| DRINKING 2 sedimented amethyst potions.
  1557 | D:2      | 1557 ||| DROPPING scroll of fog.
  1558 | D:2      | 1558 ||| DROPPING potion of degeneration.
  1652 | D:3      | Identified the +7 whip of Famine {protect, Will+ Str+5}
  1703 | D:3      | Reached skill level 1 in Armour
  1722 | D:3      | Reached skill level 5 in Ranged Weapons
  1773 | D:3      | Found an ornate altar of the Wu Jian Council.
  1825 | D:3      | Noticed Terence
  1837 | D:3      | Killed Terence
  1838 | D:3      | Reached skill level 3 in Fighting
  1838 | D:3      | Reached XP level 5. HP: 32/45 MP: 5/5
  2156 | D:3      | Found a faded altar of an unknown god.
  2231 | D:3      | 2231 ||| READING scroll labelled TAFARE TOEFOSU.
  2232 | D:3      | 2232 ||| READING scroll labelled VETEFI RITU.
  2233 | D:3      | 2233 ||| DRINKING 2 fuming green potions.
  2234 | D:3      | 2234 ||| READING 2 scrolls of identify.
  2234 | D:3      | 2234 ||| IDENTIFYING murky inky potion
  2252 | D:4      | Noticed a phantom
  2269 | D:4      | HP: 10/45 [phantom (5)]
  2270 | D:4      | 2270 ||| READING 3 scrolls of teleportation.
  2273 | D:4      | Slain by a phantom

Levels and vault maps discovered:
D:1:      heliophobic_arrival_ceremonial_halls, layout_rooms,
          kennysheep_pointless_box
D:2:      kennysheep_six_static_rooms, layout_basic, serial_shops, shop, shop,
          nicolae_shop_tiny_waterfront, shop, nicolae_shop_just_a_little_nook,
          basic_altar
D:3:      layout_rooms, nicolae_wu_jian_wuxing_cycle,
          shapermc_ecumenical_altar_totnotflames, uniq_terence
D:4:      layout_basic, nemelex_altar_shiori, serial_shops, shop,
          gammafunk_ghost_smash, uniq_grinder

Skill      XL: |  1  2  3  4 |
---------------+-------------+-----
Ranged Weapons | 3 4 5 |  5.8
Fighting       | 2 3 |  3.1
Armour         | 1 |  1.0
Dodging        | |  2.1
Spellcasting   | |  1.0
Hexes          | |  2.0

Action                     |  1- 3 |  4- 6 || total
---------------------------+-------+-------++-------
   Fire: Sling             |    97 |   156 ||   253
    Use: Scroll            |     4 |     6 ||    10
         Potion            |       |     2 ||     2
 Armour: Robe              |     1 |       ||     1
         Leather armour    |     5 |     1 ||     6
         Ring mail         |       |    37 ||    37
  Dodge: Dodged            |    34 |    63 ||    97

Table legend:
 A = Non-vault XP
 B = Vault XP
 C = Vault XP percentage of total XP
 D = Non-vault monster count
 E = Vault monster count
 F = Vault count percentage of total count
                 A         B        C        D         E       F
            +---------+---------+-------+---------+---------+-------
      Total |     255 |      60 |  19.0 |      72 |       7 |   8.9
            +---------+---------+-------+---------+---------+-------
        D:1 |      44 |       0 |   0.0 |      18 |       0 |   0.0
        D:2 |      57 |      22 |  27.8 |      22 |       6 |  21.4
        D:3 |     150 |      38 |  20.2 |      29 |       1 |   3.3
        D:4 |       4 |       0 |   0.0 |       3 |       0 |   0.0
            +---------+---------+-------+---------+---------+-------
